AoeStats
← [BRANCA] Ale Vai

Arabia

507374006Analyzed
3v3 RM · 26d ago on Sep 17, 2026· 49m 6s· 6 players
Game mode
Random Map
Map size
Normal (6 player)
Population
200
Speed
Normal
Resources
Standard
Victory
Conquest
Starting age
Dark Age
Ending age
Imperial Age
RankedLock teamsTeams togetherTeam positionsShared explorationLock speedFull tech treeHidden civsTurbo modeCheats
Victory
Defeat
🇵🇪 Ethiopians · Peru
1383
+14
🇧🇴 Japanese · Bolivia
1349
+15
🇦🇷 Franks · Argentina
1304
+17
vs
🇦🇷 Magyars · Argentina
1406
-18
🇦🇷 Huns · Argentina
1298
-14
🇦🇷 Ethiopians · Argentina
1288
-14
Alejandro Manco
6:26 Loom
9:31 Feudal Age
10:09 Double-Bit Axe
11:50 Town Watch
14:01 Fletching
18:06 Padded Archer Armor
23:15 Castle Age
21:33 Gold Mining
22:54 Horse Collar
23:52 Bodkin Arrow
23:18 Crossbowman
25:04 Wheelbarrow
28:54 Leather Archer Armor
33:17 Heavy Plow
35:02 Bow Saw
39:02 Imperial Age
38:48 Gold Shaft Mining
39:25 Ballistics
39:16 Masonry
40:07 Arbalester
41:48 Thumb Ring
42:57 Bracer
45:41 Chemistry
45:25 Ring Archer Armor
46:24 Hand Cart
Pipo
8:56 Feudal Age
8:41 Loom
10:17 Double-Bit Axe
10:44 Horse Collar
14:59 Scale Barding Armor
18:48 Bloodlines
27:11 Castle Age
28:16 Chain Barding Armor
28:14 Bow Saw
27:36 Light Cavalry
[BRANCA] Ale Vai
2:27 Loom
11:18 Feudal Age
13:00 Double-Bit Axe
13:02 Town Watch
14:44 Fletching
16:14 Padded Archer Armor
22:41 Castle Age
20:37 Gold Mining
23:54 Bodkin Arrow
24:28 Husbandry
24:50 Thumb Ring
35:44 Leather Archer Armor
35:38 Scale Barding Armor
36:47 Forging
38:25 Leather Archer Armor
40:56 Wheelbarrow
40:56 Wheelbarrow
42:06 Chain Barding Armor
42:01 Bloodlines
46:40 Hand Cart
JAGR | Rojnar
5:35 Loom
6:20 Loom
8:55 Feudal Age
17:09 Fletching
18:03 Padded Archer Armor
26:46 Castle Age
25:35 Gold Mining
26:50 Crossbowman
27:30 Bodkin Arrow
27:23 Horse Collar
28:42 Ballistics
29:39 Leather Archer Armor
29:57 Double-Bit Axe
37:28 Thumb Ring
44:31 Imperial Age
42:23 Bow Saw
43:24 Wheelbarrow
43:52 Heavy Plow
44:28 Gold Shaft Mining
44:31 Hand Cart
44:02 Town Watch
44:31 Caravan
45:01 Coinage
44:55 Stone Mining
44:34 Arbalester
45:23 Bracer
46:36 Chemistry
45:48 Town Watch
46:38 Ring Archer Armor
47:18 Two-Man Saw
46:55 Stone Shaft Mining
46:55 Conscription
46:48 Town Watch
49:41 Guilds
50:02 Coinage
Juanki
4:04 Loom
9:25 Feudal Age
10:47 Double-Bit Axe
16:09 Wheelbarrow
16:06 Scale Barding Armor
17:10 Forging
21:45 Gold Mining
25:24 Castle Age
24:59 Scale Mail Armor
26:49 Chain Barding Armor
26:52 Bow Saw
28:25 Iron Casting
28:01 Husbandry
30:29 Town Watch
31:49 Hand Cart
44:11 Imperial Age
41:49 Stone Mining
42:34 Gold Shaft Mining
44:14 Cavalier
44:59 Chivalry
45:19 Conscription
45:37 Plate Barding Armor
46:02 Blast Furnace
46:35 Blast Furnace
45:52 Paladin
yecjoel
7:03 Loom
9:16 Feudal Age
10:22 Double-Bit Axe
17:59 Wheelbarrow
20:53 Castle Age
20:23 Horse Collar
21:15 Fletching
29:16 Town Watch
31:38 Bow Saw
31:29 Heavy Plow
33:54 Scale Mail Armor
38:34 Hand Cart
40:17 Elite Skirmisher
42:24 Bodkin Arrow
43:19 Town Patrol
45:54 Imperial Age
44:18 Gold Mining
46:08 Pikeman
47:34 Heavy Cavalry Archer
49:47 Two-Man Saw
Connection lost

Rejoining the realm…

Still unreachable

The connection could not be restored.

Session expired

The server has moved on; the page needs a fresh start.